MLB
ST. LOUIS CARDINALS @ CHICAGO (A) WHITE SOX
06/25/2041
 
TOP OF THE 1ST
St. Louis Cardinals batting - Pitching for Chicago (A) White Sox : LHP Jorge Flores
Pitching: LHP Jorge Flores
Batting: RHB José Días 0-0: Ball
1-0: Ball
2-0: Fly out, F9 (Line Drive, 9, EV 93.1 MPH)
Batting: RHB Chris Alexander 0-0: Ball
1-0: Swinging Strike
1-1: Ball
2-1: Foul Ball, location: 25FF
2-2: Ball
3-2: Foul Ball, location: 25F
3-2: SINGLE (Line Drive, 78M, EV 95.6 MPH)
Batting: RHB Daisuke Watanabe 0-0: Ball
1-0: Ball
2-0: Foul Ball, location: 2F
2-1: Swinging Strike
2-2: Strikes out swinging
Batting: RHB Ed Johnson 0-0: Called Strike
0-1: Ball
1-1: Ball
2-1: Ball
3-1: Base on Balls
Chris Alexander to second
Batting: RHB Kevin Hempsall 0-0: Ball
1-0: Ball
2-0: Called Strike
2-1: Called Strike
2-2: Foul Ball, location: 5F
2-2: Ball
3-2: Fielders Choice at 3rd, U5 (Groundball, 5L, EV 91.3 MPH)
Top of the 1st over - 0 runs, 1 hit, 0 errors, 1 left on base; St. Louis 0 - Chicago (A) 0
BOTTOM OF THE 1ST
Chicago (A) White Sox batting - Pitching for St. Louis Cardinals : LHP Ron Stonge
Pitching: LHP Ron Stonge
Batting: RHB Bob Parks 0-0: Ball
1-0: Ball
2-0: Ball
3-0: Called Strike
3-1: Base on Balls
Batting: RHB Lonnie Anderson 0-0: Ball
1-0: Called Strike
1-1: Called Strike
1-2: Ball
2-2: Fielders Choice at 2nd, U6 (Groundball, 4M, EV 83.8 MPH)
Batting: LHB Stan Waters 0-0: Foul Ball, location: 3F
0-1: Called Strike
0-2: Ball
1-2: Strikes out swinging
Batting: RHB Jesús Rodríguez 0-0: Ground out 5-3 (Groundball, 56S, EV 73.1 MPH)
Bottom of the 1st over - 0 runs, 0 hits, 0 errors, 1 left on base; St. Louis 0 - Chicago (A) 0
TOP OF THE 2ND
St. Louis Cardinals batting - Pitching for Chicago (A) White Sox : LHP Jorge Flores
Batting: SHB Iván Durán 0-0: Ball
1-0: Ball
2-0: Foul Ball, location: 7LMF
2-1: Ball
3-1: Bunted foul
3-2: DOUBLE (Line Drive, 89D, EV 105.6 MPH)
Batting: SHB Pepe Robles 0-0: Ball
1-0: Ball
2-0: Ball
3-0: Called Strike
3-1: SINGLE (Groundball, 56S, EV 71.3 MPH) (infield hit)
Iván Durán to third
Batting: RHB Joe Silver 0-0: Ball
1-0: Swinging Strike
1-1: Swinging Strike
1-2: Strikes out looking
Batting: RHB Joel Farmer 0-0: Ball
1-0: Called Strike
1-1: Foul Ball, location: 9LDF
1-2: Foul Ball, location: 2F
1-2: Fly out, F7 (Flyball, 7S, EV 92.5 MPH)
Batting: RHB José Días 0-0: Swinging Strike
0-1: Ball
1-1: Swinging Strike
1-2: Ball
2-2: Foul Ball, location: 3FF
2-2: Ball
3-2: Foul Ball, location: 2F
3-2: SINGLE (Line Drive, 6MD, EV 108.8 MPH)
Iván Durán scores
Pepe Robles to second
Pepe Robles to third
Batting: RHB Chris Alexander 0-0: Ball
1-0: Foul Ball, location: 3F
1-1: Ball
2-1: Ball
3-1: Foul Ball, location: 2F
3-2: Strikes out swinging
Top of the 2nd over - 1 run, 3 hits, 0 errors, 2 left on base; St. Louis 1 - Chicago (A) 0
BOTTOM OF THE 2ND
Chicago (A) White Sox batting - Pitching for St. Louis Cardinals : LHP Ron Stonge
Batting: LHB Jon Gates 0-0: Called Strike
0-1: Ball
1-1: Foul Ball, location: 2F
1-2: Strikes out swinging
Batting: RHB Tony Hoover 0-0: Ball
1-0: Called Strike
1-1: Ball
2-1: Ball
3-1: Called Strike
3-2: Foul Ball, location: 23F
3-2: Foul Ball, location: 23F
3-2: SINGLE (Groundball, 4MD, EV 95.6 MPH)
Batting: RHB Jon Heath 0-0: Swinging Strike
0-1: Ball
1-1: Ball
2-1: SINGLE (Groundball, 6MD, EV 98.1 MPH)
Tony Hoover to second
Runner from 2nd tries for 3rd, OUT! 8-5
Batting: RHB Dylan Dedmon 0-0: Ball
1-0: Ball
2-0: Called Strike
2-1: Ball
3-1: Foul Ball, location: 2F
3-2: Base on Balls
Jon Heath to second
Batting: LHB Álex Martínez 0-0: Foul Ball, location: 25F
0-1: Ball
1-1: DOUBLE (Flyball, 78D, EV 105.6 MPH)
Jon Heath scores
Dylan Dedmon to third
Batting: RHB Bob Parks 0-0: Ball
1-0: Ball
2-0: SINGLE (Groundball, 4S, EV 63.8 MPH) (infield hit)
Dylan Dedmon scores
Álex Martínez to third
Batting: RHB Lonnie Anderson 0-0: DOUBLE (Flyball, 8RXD, EV 98.8 MPH)
Álex Martínez scores
Bob Parks to third
Runner from 3rd tries for Home, SAFE, no throw by CF
Batting: LHB Stan Waters 0-0: Swinging Strike
0-1: Ground out 4-3 (Groundball, 4S, EV 69.4 MPH)
Bottom of the 2nd over - 4 runs, 5 hits, 0 errors, 1 left on base; St. Louis 1 - Chicago (A) 4
TOP OF THE 3RD
St. Louis Cardinals batting - Pitching for Chicago (A) White Sox : LHP Jorge Flores
Batting: RHB Daisuke Watanabe 0-0: Ball
1-0: Foul Ball, location: 7LSF
1-1: Ball
2-1: Swinging Strike
2-2: Ball
3-2: Foul Ball, location: 23F
3-2: Foul Ball, location: 3F
3-2: Ground out 6-3 (Groundball, 56, EV 85.6 MPH)
Batting: RHB Ed Johnson 0-0: Ball
1-0: Ball
2-0: Ball
3-0: Base on Balls
Batting: RHB Kevin Hempsall 0-0: Ball
1-0: Foul Ball, location: 5F
1-1: Ball
2-1: Swinging Strike
2-2: Fly out, F3 (Popup, 23F, EV 86.9 MPH)
Batting: SHB Iván Durán 0-0: Ball
1-0: Called Strike
1-1: Ball
2-1: Fielders Choice at 2nd, 4-6 (Groundball, 4MD, EV 96.9 MPH)
Top of the 3rd over - 0 runs, 0 hits, 0 errors, 1 left on base; St. Louis 1 - Chicago (A) 4
BOTTOM OF THE 3RD
Chicago (A) White Sox batting - Pitching for St. Louis Cardinals : LHP Ron Stonge
Batting: RHB Jesús Rodríguez 0-0: Ball
1-0: Called Strike
1-1: Called Strike
1-2: Ball
2-2: Foul Ball, location: 3DF
2-2: Fly out, F2 (Popup, 3SF, EV 76.9 MPH)
Batting: LHB Jon Gates 0-0: Swinging Strike
0-1: Fly out, F8 (Flyball, 8RXD, EV 100.0 MPH)
Batting: RHB José García 0-0: Foul Ball, location: 9LSF
0-1: Ball
1-1: Foul Ball, location: 2F
1-2: Ball
2-2: Foul Ball, location: 2F
2-2: Strikes out swinging
Bottom of the 3rd over - 0 runs, 0 hits, 0 errors, 0 left on base; St. Louis 1 - Chicago (A) 4
TOP OF THE 4TH
St. Louis Cardinals batting - Pitching for Chicago (A) White Sox : LHP Jorge Flores
Batting: SHB Pepe Robles 0-0: Swinging Strike
0-1: Ball
1-1: Called Strike
1-2: Ball
2-2: SINGLE (Groundball, 2R, EV 71.9 MPH) (infield hit)
Batting: RHB Joe Silver 0-0: Ball
1-0: Sac Bunt to 23 - play at first, batter OUT! 3-4
Pepe Robles to second
Batting: RHB Joel Farmer 0-0: Fly out, F8 (Line Drive, 8LD, EV 94.4 MPH)
Batting: RHB José Días 0-0: Called Strike
0-1: Ball
1-1: Called Strike
1-2: Foul Ball, location: 7LSF
1-2: SINGLE (Groundball, 3D, EV 97.5 MPH)
Pepe Robles to third
Runner from 3rd tries for Home, SAFE, throw by RF to home
Batting: RHB Chris Alexander 0-0: Called Strike
José Días steals 2nd, throwing error, E2
José Días to third
0-1: Foul Ball, location: 2F
0-2: Ball
1-2: Reached on error, E4 (Groundball, 4, EV 78.1 MPH)
José Días scores
Batting: RHB Daisuke Watanabe 0-0: Ball
1-0: Swinging Strike
1-1: Foul Ball, location: 5FF
1-2: Ball
2-2: Foul Ball, location: 9LSF
2-2: Foul Ball, location: 3FF
2-2: Strikes out looking
Top of the 4th over - 2 runs, 2 hits, 2 errors, 1 left on base; St. Louis 3 - Chicago (A) 4
BOTTOM OF THE 4TH
Chicago (A) White Sox batting - Pitching for St. Louis Cardinals : LHP Ron Stonge
Batting: RHB Jon Heath 0-0: SOLO HOME RUN (Flyball, 7LD, EV 94.4 MPH), Distance : 350 ft
Pitching: RHP Vince Crabb
Batting: RHB Dylan Dedmon 0-0: Ball
1-0: Ball
2-0: Ball
3-0: Called Strike
3-1: Foul Ball, location: 7LSF
3-2: Strikes out swinging
Batting: LHB Álex Martínez 0-0: Ball
1-0: Ball
2-0: Ball
3-0: Called Strike
3-1: Base on Balls
Batting: RHB Bob Parks 0-0: Called Strike
Álex Martínez steals 2nd base (no throw)
0-1: SINGLE (Groundball, 6M, EV 83.1 MPH)
Álex Martínez to third
Batting: RHB Lonnie Anderson 0-0: Swinging Strike
0-1: Swinging Strike
0-2: Strikes out swinging
Batting: LHB Stan Waters 0-0: Called Strike
0-1: Foul Ball, location: 7LSF
0-2: Ball
1-2: Strikes out swinging
Bottom of the 4th over - 1 run, 2 hits, 0 errors, 2 left on base; St. Louis 3 - Chicago (A) 5
TOP OF THE 5TH
St. Louis Cardinals batting - Pitching for Chicago (A) White Sox : LHP Jorge Flores
Pitching: RHP Dan Smith
Batting: RHB Ed Johnson 0-0: Swinging Strike
0-1: Foul Ball, location: 2F
0-2: Ball
1-2: Ground out 4-3 (Groundball, 4, EV 104.4 MPH)
Batting: RHB Kevin Hempsall 0-0: Ball
1-0: Foul Ball, location: 3DF
1-1: Foul Ball, location: 9LDF
1-2: Ground out 1-3 (Groundball, 34S, EV 74.4 MPH)
Batting: SHB Iván Durán 0-0: Ball
1-0: Ball
2-0: Fly out, F9 (Line Drive, 9D, EV 108.8 MPH)
Top of the 5th over - 0 runs, 0 hits, 0 errors, 0 left on base; St. Louis 3 - Chicago (A) 5
BOTTOM OF THE 5TH
Chicago (A) White Sox batting - Pitching for St. Louis Cardinals : RHP Vince Crabb
Batting: RHB Jesús Rodríguez 0-0: Ball
1-0: Called Strike
1-1: Ball
2-1: Ball
3-1: Base on Balls
Batting: LHB Jon Gates 0-0: Swinging Strike
0-1: Foul Ball, location: 2F
0-2: Ball
1-2: SINGLE (Groundball, 34D, EV 96.9 MPH)
Jesús Rodríguez to second
Runner from 2nd tries for 3rd, SAFE, throw by RF made to third
Batting: RHB José García 0-0: Ball
1-0: Ball
2-0: Fly out, F9 (Flyball, 9LS, EV 97.5 MPH)
Batting: RHB Jon Heath 0-0: Fly out, F9 (Flyball, 89D, EV 106.9 MPH)
Runner from 3rd tags up, SCORES, throw by RF
Batting: RHB Dylan Dedmon 0-0: Called Strike
0-1: Called Strike
Jon Gates steals 2nd base
0-2: Foul Ball, location: 9LSF
0-2: Ball
1-2: Strikes out looking
Bottom of the 5th over - 1 run, 1 hit, 0 errors, 1 left on base; St. Louis 3 - Chicago (A) 6
TOP OF THE 6TH
St. Louis Cardinals batting - Pitching for Chicago (A) White Sox : RHP Dan Smith
Batting: SHB Pepe Robles 0-0: Ball
1-0: Ball
2-0: Swinging Strike
2-1: Foul Ball, location: 7LSF
2-2: Ball
3-2: Base on Balls
Batting: RHB Joe Silver 0-0: Called Strike
0-1: Ball
1-1: Ball
2-1: Foul Ball, location: 2F
2-2: Grounds into double play, 5-4-3 (Groundball, 56, EV 77.5 MPH)
Batting: RHB Joel Farmer 0-0: Ball
1-0: Ball
2-0: Ball
3-0: SOLO HOME RUN (Flyball, 7LD, EV 93.8 MPH), Distance : 337 ft
Batting: RHB José Días 0-0: Ball
1-0: Ball
2-0: Ball
3-0: Called Strike
3-1: Foul Ball, location: 3DF
3-2: SINGLE (Flyball, 8RS, EV 98.1 MPH)
Batting: RHB Chris Alexander 0-0: Ball
1-0: Ball
2-0: Swinging Strike
2-1: Ball
3-1: Foul Ball, location: 9LDF
3-2: Base on Balls
José Días to second
Batting: RHB Daisuke Watanabe 0-0: Ball
1-0: Foul Ball, location: 9LDF
1-1: Swinging Strike
1-2: Foul Ball, location: 7LSF
1-2: Ball
2-2: Fly out, F9 (Flyball, 9LD, EV 96.3 MPH)
Top of the 6th over - 1 run, 2 hits, 0 errors, 2 left on base; St. Louis 4 - Chicago (A) 6
BOTTOM OF THE 6TH
Chicago (A) White Sox batting - Pitching for St. Louis Cardinals : RHP Vince Crabb
Batting: LHB Álex Martínez 0-0: Called Strike
0-1: Ball
1-1: Ground out 4-3 (Groundball, 4, EV 106.3 MPH)
Batting: RHB Bob Parks 0-0: Ball
1-0: Foul Ball, location: 9LSF
1-1: Called Strike
1-2: Foul Ball, location: 9LDF
1-2: Strikes out looking
Batting: RHB Lonnie Anderson 0-0: Called Strike
0-1: Ball
1-1: Ball
2-1: Foul Ball, location: 5FF
2-2: Foul Ball, location: 2F
2-2: Foul Ball, location: 2F
2-2: Ball
3-2: Foul Ball, location: 23F
3-2: Fly out, F8 (Line Drive, 8RM, EV 103.1 MPH)
Bottom of the 6th over - 0 runs, 0 hits, 0 errors, 0 left on base; St. Louis 4 - Chicago (A) 6
TOP OF THE 7TH
St. Louis Cardinals batting - Pitching for Chicago (A) White Sox : RHP Dan Smith
Batting: RHB Ed Johnson 0-0: Ball
1-0: Called Strike
1-1: Hit by Pitch
Batting: LHB Les Dufour 0-0: Called Strike
0-1: Ball
1-1: Grounds into double play, 3-6-3 (Groundball, 3, EV 102.5 MPH)
Batting: SHB Iván Durán 0-0: Called Strike
0-1: Foul Ball, location: 3FF
0-2: Foul Ball, location: 9LDF
0-2: Fly out, F8 (Flyball, 78M, EV 95.0 MPH)
Top of the 7th over - 0 runs, 0 hits, 0 errors, 0 left on base; St. Louis 4 - Chicago (A) 6
BOTTOM OF THE 7TH
Chicago (A) White Sox batting - Pitching for St. Louis Cardinals : RHP Vince Crabb
Pitching: RHP Doug English
Batting: LHB Stan Waters 0-0: Called Strike
0-1: Ball
1-1: Ball
2-1: Ball
3-1: Called Strike
3-2: Ground out 5-3 (Groundball, 56S, EV 83.8 MPH)
Batting: RHB Jesús Rodríguez 0-0: Ball
1-0: Ball
2-0: Fly out, F9 (Flyball, 9S, EV 79.4 MPH)
Batting: LHB Jon Gates 0-0: Called Strike
0-1: Swinging Strike
0-2: Foul Ball, location: 2F
0-2: Fly out, F9 (Flyball, 89S, EV 94.4 MPH)
Bottom of the 7th over - 0 runs, 0 hits, 0 errors, 0 left on base; St. Louis 4 - Chicago (A) 6
TOP OF THE 8TH
St. Louis Cardinals batting - Pitching for Chicago (A) White Sox : RHP Dan Smith
Now in LF: Bob Parks
Now in CF: Juan Carlos Jiménez
Batting: SHB Pepe Robles 0-0: Called Strike
0-1: Ball
1-1: Foul Ball, location: 2F
1-2: Strikes out swinging
Pinch Hitting: LHB José Esparza 0-0: Swinging Strike
0-1: Foul Ball, location: 9LSF
0-2: Foul Ball, location: 7LDF
0-2: Foul Ball, location: 2F
0-2: Strikes out swinging
Batting: RHB Joel Farmer 0-0: Ball
1-0: Swinging Strike
1-1: Swinging Strike
1-2: Strikes out swinging
Top of the 8th over - 0 runs, 0 hits, 0 errors, 0 left on base; St. Louis 4 - Chicago (A) 6
BOTTOM OF THE 8TH
Chicago (A) White Sox batting - Pitching for St. Louis Cardinals : RHP Doug English
Pitching: RHP Mario Salazar
Now at 3B: Ben Heap
Batting: RHB José García 0-0: Called Strike
0-1: Swinging Strike
0-2: Foul Ball, location: 2F
0-2: Ground out 6-3 (Groundball, 6, EV 97.5 MPH)
Batting: RHB Jon Heath 0-0: Ball
1-0: Ball
2-0: Ball
3-0: Called Strike
3-1: Base on Balls
Batting: RHB Dylan Dedmon 0-0: Ball
1-0: Ball
Jon Heath steals 2nd base
2-0: Ball
3-0: Called Strike
3-1: Foul Ball, location: 2F
3-2: Foul Ball, location: 9LDF
3-2: Base on Balls
Batting: LHB Álex Martínez 0-0: Ball
1-0: Fielders Choice at 2nd, 1-6 (Groundball, P, EV 66.9 MPH)
Jon Heath to third
Batting: RHB Bob Parks 0-0: Foul Ball, location: 9LSF
0-1: Ball
1-1: Fly out, F8 (Flyball, 8RD, EV 98.8 MPH)
Bottom of the 8th over - 0 runs, 0 hits, 0 errors, 2 left on base; St. Louis 4 - Chicago (A) 6
TOP OF THE 9TH
St. Louis Cardinals batting - Pitching for Chicago (A) White Sox : RHP Dan Smith
Pitching: LHP Ernesto Martínez
Batting: RHB José Días 0-0: Ball
1-0: Ball
2-0: Ground out 5-3 (Groundball, 56, EV 85.0 MPH)
Batting: RHB Chris Alexander 0-0: Ball
1-0: Fly out, F6 (Line Drive, 6M, EV 69.4 MPH)
Batting: RHB Daisuke Watanabe 0-0: Ball
1-0: Ball
2-0: Ball
3-0: Base on Balls
Batting: RHB Ed Johnson 0-0: Called Strike
0-1: Ball
1-1: Ball
2-1: Ball
3-1: Base on Balls
Daisuke Watanabe to second
Batting: LHB Les Dufour 0-0: Called Strike
0-1: Swinging Strike
0-2: Strikes out looking
Top of the 9th over - 0 runs, 0 hits, 0 errors, 2 left on base; St. Louis 4 - Chicago (A) 6
Sunday, March 24th , 2024 - OOTP Baseball 24.10 Build 82